 Dungeon Crawl Stone Soup version 0.20.1-1-g8b1a95d (webtiles) character file.

128 Peloso the Skirmisher (level 4, 0/35 HPs)
             Began as a Demonspawn Fighter on Aug 1, 2017.
             Splashed by an orc's acid (8 damage)
             ... on level 3 of the Dungeon.
             The game lasted 00:04:04 (2057 turns).

Peloso the Skirmisher (Demonspawn Fighter)          Turns: 2057, Time: 00:04:05

Health: 0/35       AC:  2    Str: 17    XL:     4   Next: 87%
Magic:  4/4        EV:  7    Int:  9    God:
Gold:   115        SH:  9    Dex: 13    Spells: 3/3 levels left

rFire    . . .     SeeInvis .   a - +0 long sword
rCold    . . .     Gourm    .   c - +0 shield
rNeg     . . .     Faith    .   b - +0 scale mail
rPois    .         Spirit   .   (no helmet)
rElec    .         Reflect  .   (no cloak)
rCorr    .         Harm     .   (no gloves)
MR       .....                  (no boots)
Stlth    ..........             (no amulet)
Regen    0.2/turn               (no ring)
MPRegen  0.1/turn               (no ring)

@: corroded
A: powered by pain 1
a: no special abilities


You were on level 3 of the Dungeon.
You were not hungry.

You visited 1 branch of the dungeon, and saw 3 of its levels.

You collected 115 gold pieces.

Inventory:

Hand Weapons
 a - a +0 long sword (weapon)
 m - a +4 short sword
Armour
 b - a +0 scale mail (worn)
 c - a +0 shield (worn)
Scrolls
 e - a scroll of teleportation {unknown}
 i - 2 scrolls of recharging {unknown}
 o - a scroll of remove curse {unknown}
 p - a scroll of fear {unknown}
 r - a scroll of magic mapping {unknown}
Potions
 d - a potion of might
 j - 2 potions of brilliance {unknown}
 k - a potion of cancellation {unknown}
 l - a potion of resistance {unknown}
 q - a potion of heal wounds {unknown}
 s - a potion of degeneration {unknown}
Comestibles
 f - 2 bread rations
 g - a fruit
 h - 2 royal jellies
 n - a meat ration
 t - 3 chunks of flesh


   Skills:
 + Level 3.5 Fighting
 + Level 2.8 Long Blades
 + Level 3.4 Armour
 + Level 0.8 Dodging
 + Level 3.3 Shields


You had 3 spell levels left.
You didn't know any spells.

Dungeon Overview and Level Annotations

Branches:
Dungeon (3/15)

Altars:


Innate Abilities, Weirdness & Mutations

You sometimes gain a little power by taking damage.


Message History

The orc is moderately wounded.
The orc zaps a wand.
The bolt of acid hits the orc.
The orc is splashed with acid.
The orc dies!
The bolt of acid misses you.
It is a wand of acid (?/15).
You closely miss the goblin. The goblin hits you.
Unknown command.
You barely miss the goblin. The goblin barely misses you.
The orc zaps a wand.
The bolt of acid misses the goblin.
The bolt of acid hits you! The acid corrodes you!
You are splashed with acid!
The acid burns!
You block the goblin's attack.
Unknown command.
You barely miss the goblin. The goblin hits you but does no damage.
Unknown command.
You barely miss the goblin. The goblin hits you.
You barely miss the goblin. The goblin closely misses you.
The orc zaps a wand.
The bolt of acid misses the goblin.
The bolt of acid hits you!
* * * LOW HITPOINT WARNING * * *
The acid corrodes you!
You are splashed with acid!
The acid burns!
You die...

#†##.#.###.#.#
####.##.#.#...#.#
.....##.#.#.#...##
........#.#.#....#
........#.#.##...#
........#.#......#
#.#####.#.#####.##
#. ..#.# #..# ###
### ##@# ..# #g##
#.# #bo# #.#
....g.gor# #.#
.....g....# #.#
..........# #.#
........... #.#
.........#.. #.#
.........#...


You could see a gnoll, 2 orcs, a goblin, a bat and a rat.

Vanquished Creatures
  2 gnolls (D:3)
  4 adders
  An ooze (D:1)
  A worm (D:2)
  4 dart slugs
  2 leopard geckos
  2 orcs
  4 giant cockroaches
  7 goblins
  4 hobgoblins
  2 jackals (D:1)
  9 bats
  4 frilled lizards
  4 kobolds
  4 rats
54 creatures vanquished.

Vanquished Creatures (others)
  An orc (D:3)
1 creature vanquished.

Grand Total: 55 creatures vanquished

Notes
Turn   | Place    | Note
-------+----------+-------------------------------------------
     0 | D:1      | Peloso the Demonspawn Fighter began the quest for the Orb.
     0 | D:1      | Reached XP level 1. HP: 18/18 MP: 1/1
    99 | D:1      | Gained mutation: You sometimes gain a little power by taking damage. [demonic ancestry]
    99 | D:1      | Reached XP level 2. HP: 15/24 MP: 2/2
   283 | D:1      | Reached XP level 3. HP: 23/29 MP: 3/3
  1328 | D:2      | Reached XP level 4. HP: 30/35 MP: 4/4
  2057 | D:3      | Splashed by an orc's acid

Skill      XL: |  1  2  3 |
---------------+----------+-----
Armour         | 3 |  3.4
Long Blades    | 2 |  2.8
Shields        | 3 |  3.3
Fighting       | |  3.5
Dodging        | |  0.8

Action                   |  1- 3 |  4- 6 || total
-------------------------+-------+-------++-------
Melee: Long sword        |   143 |    76 ||   219
  Eat: Chunk             |     1 |     3 ||     4
Armor: Scale mail        |    65 |    36 ||   101
Dodge: Dodged            |    56 |    28 ||    84
Block: Shield            |    89 |    43 ||   132
       Rpst.: Long sword |    11 |     9 ||    20
